[ AOE2 MATCH · #481663011 ]
1v1 RMMaya vs Khmer
Player's team · WIN
Rival team · LOSS
[ REPLAY ANALYSIS · EXTRACTED FROM THE RECORDED GAME ]
Feudal
11:08
Castle
14:40
Imperial
32:04
| APM avg | 31.3 |
| APM peak | 61 |
| eAPM avg | 17.3 |
| Villagers / military | 118 / 80 |
Focus
⚔️ 28.4% · 🌾 71.6%
Archer ×34 · Eagle Scout ×31 · Monk ×6 · Mangonel ×5 · Trebuchet (Packed) ×4
Feudal
10:57
Castle
14:14
Imperial
34:44
| APM avg | 50.8 |
| APM peak | 93 |
| eAPM avg | 20.5 |
| Villagers / military | 126 / 85 |
Focus
⚔️ 19.3% · 🌾 80.7%
Scout Cavalry ×48 · Scorpion ×19 · Knight ×12 · Trebuchet (Packed) ×6
Match map
Initial resources + every placement click. Lines = walls · curves = elevation contours. ◆ gold · ⬟ stone · ● berries · ✦ relic · ◌ wall gap
Your base· Open — unwalled flank
Swiddy's base· Open — unwalled flank
Smoothed initial terrain · ◌ = detected wall gap · hover for details
Inputs per minute
— LaZ4rus - - Swiddy
Build order — LaZ4rus
First 150 of 325 actions detected
| 0:01 | Create | Villager (Male) ×3 |
| 0:04 | Research | Loom |
| 0:04 | Create | Villager (Male) ×3 |
| 0:06 | Build | House |
| 0:08 | Build | House |
| 1:35 | Create | Villager (Male) |
| 1:48 | Build | Lumber Camp |
| 1:52 | Create | Villager (Male) |
| 2:38 | Create | Villager (Male) |
| 2:38 | Create | Villager (Male) |
| 3:21 | Create | Villager (Male) |
| 3:37 | Build | House |
| 3:48 | Create | Villager (Male) |
| 3:49 | Create | Villager (Male) |
| 4:14 | Build | Mill |
| 4:46 | Create | Villager (Male) |
| 4:47 | Create | Villager (Male) |
| 4:47 | Create | Villager (Male) |
| 5:30 | Create | Villager (Male) |
| 5:44 | Create | Villager (Male) |
| 5:51 | Build | House |
| 5:55 | Build | Palisade Wall |
| 5:56 | Build | Palisade Wall |
| 5:57 | Build | Palisade Wall |
| 6:36 | Create | Villager (Male) |
| 6:53 | Create | Villager (Male) |
| 7:24 | Build | Farm |
| 7:32 | Create | Villager (Male) |
| 7:33 | Create | Villager (Male) |
| 7:47 | Build | Mining Camp |
| 8:58 | Research | Feudal Age |
| 8:59 | Create | Villager (Male) |
| 8:59 | Create | Villager (Male) |
| 9:24 | Create | Villager (Male) |
| 10:01 | Build | House |
| 11:08 | Age | Feudal Age |
| 11:11 | Build | Market |
| 11:12 | Build | Blacksmith |
| 11:31 | Research | Double-Bit Axe |
| 11:43 | Research | Horse Collar |
| 12:00 | Research | Castle Age |
| 12:04 | Build | Farm |
| 12:10 | Build | Farm |
| 12:24 | Research | Double-Bit Axe |
| 12:27 | Build | Farm |
| 12:31 | Build | Farm |
| 12:34 | Build | Farm |
| 12:49 | Build | Farm |
| 12:53 | Build | Farm |
| 13:21 | Build | Palisade Wall |
| 13:39 | Build | House |
| 13:47 | Create | Villager (Male) |
| 13:48 | Create | Villager (Male) |
| 13:53 | Build | House |
| 13:55 | Build | House |
| 14:33 | Build | Palisade Wall |
| 14:40 | Age | Castle Age |
| 14:44 | Build | Monastery |
| 14:59 | Create | Villager (Male) |
| 15:00 | Create | Villager (Male) |
| 15:03 | Research | Bow Saw |
| 15:04 | Create | Monk |
| 15:27 | Create | Monk |
| 15:49 | Create | Monk |
| 16:05 | Create | Monk |
| 16:12 | Build | Town Center |
| 16:25 | Build | Farm |
| 16:30 | Create | Villager (Male) |
| 16:30 | Create | Villager (Male) |
| 16:34 | Research | Horse Collar |
| 16:49 | Build | House |
| 17:04 | Build | Farm |
| 17:05 | Build | Farm |
| 17:12 | Create | Monk |
| 17:15 | Build | House |
| 17:18 | Create | Villager (Male) |
| 17:18 | Create | Villager (Male) |
| 17:20 | Create | Villager (Male) |
| 17:32 | Build | House |
| 17:36 | Research | Heavy Plow |
| 17:43 | Create | Villager (Male) |
| 17:43 | Create | Villager (Male) |
| 17:46 | Build | Farm |
| 17:47 | Build | Farm |
| 17:47 | Build | Farm |
| 17:47 | Build | Farm |
| 17:50 | Build | Farm |
| 17:50 | Build | Farm |
| 17:56 | Create | Villager (Male) |
| 17:57 | Create | Villager (Male) |
| 18:02 | Create | Villager (Male) |
| 18:14 | Build | House |
| 18:19 | Create | Villager (Male) |
| 18:57 | Build | House |
| 18:59 | Build | House |
| 19:02 | Create | Villager (Male) |
| 19:02 | Create | Villager (Male) |
| 19:18 | Build | Town Center |
| 19:21 | Create | Villager (Male) |
| 19:26 | Create | Villager (Male) |
| 19:33 | Create | Villager (Male) |
| 19:40 | Build | Farm |
| 19:48 | Build | Farm |
| 19:48 | Build | Farm |
| 19:48 | Build | Farm |
| 19:48 | Build | Farm |
| 19:49 | Build | Farm |
| 19:51 | Create | Villager (Male) |
| 19:58 | Create | Villager (Male) |
| 19:59 | Create | Villager (Male) |
| 20:11 | Create | Villager (Male) |
| 20:12 | Create | Villager (Male) |
| 20:19 | Research | Sanctity |
| 20:23 | Create | Villager (Male) |
| 20:38 | Build | Palisade Gate |
| 20:38 | Create | Villager (Male) |
| 20:39 | Create | Villager (Male) |
| 20:39 | Create | Villager (Male) |
| 20:43 | Build | Farm |
| 20:43 | Build | Farm |
| 20:43 | Build | Farm |
| 20:49 | Build | Farm |
| 20:52 | Create | Villager (Male) |
| 20:57 | Create | Villager (Male) |
| 21:09 | Build | Barracks |
| 21:14 | Create | Villager (Male) |
| 21:14 | Create | Villager (Male) |
| 21:21 | Create | Villager (Male) |
| 21:32 | Research | Heavy Plow |
| 21:36 | Create | Villager (Male) |
| 21:44 | Build | Farm |
| 21:47 | Build | Farm |
| 21:50 | Build | Farm |
| 21:56 | Build | Farm |
| 21:58 | Create | Villager (Male) |
| 21:59 | Create | Villager (Male) |
| 21:59 | Create | Villager (Male) |
| 22:04 | Build | Archery Range |
| 22:17 | Create | Eagle Scout |
| 22:18 | Create | Villager (Male) |
| 22:18 | Create | Villager (Male) |
| 22:22 | Build | Farm |
| 22:33 | Create | Monk |
| 22:40 | Research | Wheelbarrow |
| 22:45 | Build | Farm |
| 22:47 | Create | Villager (Male) |
| 22:54 | Create | Villager (Male) |
| 22:58 | Create | Archer |
| 23:02 | Build | House |
| 23:11 | Build | House |
Build order — Swiddy
First 150 of 356 actions detected
| 0:01 | Create | Villager (Male) |
| 0:02 | Create | Villager (Male) |
| 0:02 | Create | Villager (Male) |
| 0:02 | Create | Villager (Male) |
| 0:04 | Build | House |
| 0:06 | Build | House |
| 1:35 | Create | Villager (Male) |
| 1:53 | Create | Villager (Male) |
| 2:06 | Build | Lumber Camp |
| 2:20 | Create | Villager (Male) |
| 2:20 | Create | Villager (Male) |
| 2:51 | Create | Villager (Male) |
| 2:51 | Create | Villager (Male) |
| 3:04 | Create | Villager (Male) |
| 3:04 | Create | Villager (Male) |
| 3:33 | Create | Villager (Male) |
| 3:55 | Build | House |
| 3:56 | Build | Mill |
| 4:08 | Create | Villager (Male) |
| 4:08 | Create | Villager (Male) |
| 4:12 | Build | Mill |
| 4:31 | Create | Villager (Male) |
| 4:31 | Create | Villager (Male) |
| 4:46 | Create | Villager (Male) |
| 4:55 | Create | Villager (Male) |
| 5:44 | Create | Villager (Male) |
| 5:44 | Create | Villager (Male) |
| 5:56 | Build | House |
| 6:06 | Create | Villager (Male) |
| 6:07 | Create | Villager (Male) |
| 7:06 | Create | Villager (Male) |
| 7:07 | Create | Villager (Male) |
| 7:07 | Create | Villager (Male) |
| 7:07 | Create | Villager (Male) |
| 7:15 | Build | Farm |
| 7:45 | Build | Mining Camp |
| 7:50 | Research | Loom |
| 8:26 | Create | Villager (Male) |
| 8:35 | Research | Feudal Age |
| 8:35 | Research | Feudal Age |
| 10:06 | Build | House |
| 10:08 | Build | Palisade Wall |
| 10:12 | Build | Palisade Wall |
| 10:57 | Age | Feudal Age |
| 11:01 | Create | Villager (Male) |
| 11:34 | Research | Castle Age |
| 12:07 | Build | Farm |
| 12:07 | Build | Farm |
| 12:07 | Build | Farm |
| 12:13 | Research | Double-Bit Axe |
| 12:38 | Build | Palisade Wall |
| 12:41 | Build | Palisade Wall |
| 13:10 | Build | Stable |
| 13:24 | Build | Farm |
| 14:02 | Build | Blacksmith |
| 14:03 | Create | Villager (Male) |
| 14:08 | Build | Farm |
| 14:14 | Age | Castle Age |
| 14:38 | Create | Knight |
| 14:38 | Create | Knight |
| 14:38 | Create | Knight |
| 14:40 | Create | Villager (Male) |
| 14:40 | Create | Villager (Male) |
| 14:49 | Research | Scale Barding Armor |
| 15:03 | Build | House |
| 15:05 | Build | House |
| 15:07 | Create | Villager (Male) |
| 15:08 | Create | Villager (Male) |
| 15:12 | Create | Knight |
| 15:32 | Build | Farm |
| 15:32 | Build | Farm |
| 15:32 | Build | Farm |
| 15:32 | Build | Farm |
| 15:32 | Build | Farm |
| 15:33 | Build | Farm |
| 15:38 | Create | Villager (Male) |
| 15:39 | Create | Knight |
| 15:39 | Create | Knight |
| 15:59 | Create | Villager (Male) |
| 16:05 | Build | House |
| 16:07 | Build | House |
| 16:08 | Build | House |
| 16:17 | Create | Knight |
| 16:17 | Create | Villager (Male) |
| 16:49 | Create | Villager (Male) |
| 16:49 | Create | Knight |
| 17:11 | Create | Knight |
| 17:29 | Create | Villager (Male) |
| 17:31 | Create | Villager (Male) |
| 17:49 | Create | Knight |
| 17:50 | Create | Villager (Male) |
| 18:22 | Create | Villager (Male) |
| 18:22 | Create | Knight |
| 18:22 | Create | Knight |
| 18:57 | Create | Villager (Male) |
| 19:24 | Create | Villager (Male) |
| 19:43 | Build | Mining Camp |
| 19:51 | Build | Town Center |
| 19:53 | Create | Villager (Male) |
| 19:53 | Create | Villager (Male) |
| 19:54 | Create | Villager (Male) |
| 20:34 | Build | Farm |
| 20:34 | Build | Farm |
| 20:34 | Build | Farm |
| 20:34 | Build | Farm |
| 20:34 | Build | Farm |
| 20:35 | Build | Farm |
| 20:35 | Build | Farm |
| 20:43 | Build | Town Center |
| 20:53 | Create | Villager (Male) |
| 20:53 | Create | Villager (Male) |
| 20:56 | Build | Farm |
| 20:56 | Build | Farm |
| 20:59 | Build | Farm |
| 20:59 | Build | Farm |
| 20:59 | Build | Farm |
| 21:00 | Build | Farm |
| 21:31 | Create | Scout Cavalry |
| 21:31 | Create | Scout Cavalry |
| 21:31 | Create | Scout Cavalry |
| 21:44 | Create | Villager (Male) |
| 21:45 | Create | Villager (Male) |
| 21:45 | Create | Villager (Male) |
| 22:11 | Create | Villager (Male) |
| 22:14 | Research | Bow Saw |
| 22:36 | Create | Villager (Male) |
| 22:37 | Create | Villager (Male) |
| 22:54 | Create | Villager (Male) |
| 22:54 | Create | Villager (Male) |
| 23:21 | Create | Villager (Male) |
| 23:21 | Create | Villager (Male) |
| 23:21 | Create | Villager (Male) |
| 23:29 | Build | Farm |
| 23:29 | Build | Farm |
| 23:29 | Build | Farm |
| 23:29 | Build | Farm |
| 23:30 | Build | Farm |
| 23:30 | Build | Farm |
| 23:49 | Create | Villager (Male) |
| 23:49 | Create | Villager (Male) |
| 23:51 | Create | Villager (Male) |
| 24:01 | Build | House |
| 24:03 | Build | House |
| 24:04 | Build | House |
| 24:12 | Create | Villager (Male) |
| 24:12 | Create | Villager (Male) |
| 24:13 | Create | Villager (Male) |
| 24:16 | Build | Farm |
| 24:16 | Build | Farm |
| 24:54 | Create | Villager (Male) |
Match timeline
| 5:55 | LaZ4rus · wall_segment Palisade Wall x1 |
| 5:56 | LaZ4rus · wall_segment Palisade Wall x1 |
| 5:57 | LaZ4rus · wall_segment Palisade Wall x1 |
| 10:08 | Swiddy · wall_segment Palisade Wall x1 |
| 10:12 | Swiddy · wall_segment Palisade Wall x8 |
| 10:57 | Swiddy · age_up feudal |
| 11:08 | LaZ4rus · age_up feudal |
| 12:38 | Swiddy · wall_segment Palisade Wall x2 |
| 12:41 | Swiddy · wall_segment Palisade Wall x4 |
| 13:10 | Swiddy · first_building Stable |
| 13:21 | LaZ4rus · wall_segment Palisade Wall x4 |
| 14:14 | Swiddy · age_up castle |
| 14:33 | LaZ4rus · wall_segment Palisade Wall x13 |
| 14:40 | LaZ4rus · age_up castle |
| 14:44 | LaZ4rus · first_building Monastery |
| 21:09 | LaZ4rus · first_building Barracks |
| 22:04 | LaZ4rus · first_building Archery Range |
| 25:07 | Swiddy · first_building Castle |
| 26:49 | Swiddy · first_market_buy 100 wood |
| 26:54 | Swiddy · first_building Siege Workshop |
| 27:30 | LaZ4rus · first_building Castle |
| 28:27 | LaZ4rus · first_market_sell 500 wood |
| 29:06 | LaZ4rus · first_market_buy 100 wood |
| 31:24 | Swiddy · first_market_sell 100 wood |
| 32:04 | LaZ4rus · age_up imperial |
| 34:44 | Swiddy · age_up imperial |
| 35:48 | LaZ4rus · first_building Siege Workshop |
| 39:14 | Swiddy · resign |
[ AI ANALYSIS · 1 CREDIT ]
What really happened in this match?
Wolo.gg analyzes every decision: build order, eco, micro, common mistakes by bracket. Personalized analysis on WhatsApp or Discord in 30 seconds.
Civ guide
Maya
Map guide
Gold Rush
Perfil
Jugador #732745